 Dungeon Crawl Stone Soup version 0.32-a0-468-g38b2580584 (webtiles) character file.

Game seed: 1060374319359542967

69 gimp the Ruffian (level 4, -1/23 HPs)
             Began as a Vine Stalker Shapeshifter on Feb 24, 2024.
             Slain by a gnoll
             ... wielding a +0 whip
              (10 damage)
             ... on level 2 of the Dungeon.
             The game lasted 00:01:45 (1021 turns).

gimp the Ruffian (Vine Stalker Shapeshifter)        Turns: 1021, Time: 00:01:45

Health: -1/23      AC:  2    Str: 17    XL:     4   Next: 20%
Magic:  0/5        EV: 12    Int: 10    God:
Gold:   171        SH:  0    Dex: 15    Spells: 3/3 levels left

rFire   . .          .
                       - Unarmed
rCold   . . .        (no shield)
rNeg    . . .        a - +0 animal skin
rPois   .            (helmet currently unavailable)
rElec   .            (cloak currently unavailable)
rCorr   .            (gloves currently unavailable)
SInv    .            (boots currently unavailable)
Will    .....        (no amulet)
Stlth   +            (no ring)
HPRegen 1.03/turn    (no ring)
MPRegen 0.09/turn

%: guardian spirit
@: beast-form
A: beast (slay +1), fangs 2, regeneration 1, magic shield, antimagic bite, no
potion heal 2
a: Begin Untransformation


You were on level 2 of the Dungeon.
You were a hulking beast.
You visited 1 branch of the dungeon, and saw 2 of its levels.

You collected 171 gold pieces.

Inventory:

Armour
 a - a +0 animal skin (worn)
Talismans
 c - a beast talisman (active)
 d - a flux talisman
Scrolls
 e - 3 scrolls of identify {unknown}
 f - a scroll of amnesia {unknown}
 g - 2 scrolls of vulnerability {unknown}
 j - a scroll of summoning {unknown}
 k - 2 scrolls of teleportation {unknown}
 n - a scroll of fear {unknown}
 o - a scroll of enchant weapon {unknown}
Potions
 b - a potion of lignification
 h - a potion of brilliance {unknown}
 i - a potion of magic {unknown}
 l - a potion of might {unknown}
 m - a potion of attraction {unknown}


   Skills:
 + Level 1.8 Fighting
 + Level 2.2 Dodging
 + Level 3.5 Unarmed Combat
 + Level 3.4 Shapeshifting


You had 3 spell levels left.
You didn't know any spells.
Your spell library contained the following spells:

 Spells                   Type           Power      Damage    Failure   Level
 Scorch                   Fire           0%         2d5       50%         2
 Flame Wave               Conj/Fire      0%         2d4       98%         4
 Summon Cactus Giant      Summ           0%         N/A       100%        6


Dungeon Overview and Level Annotations

Branches:
Dungeon (2/15)

Altars:


Innate Abilities, Weirdness & Mutations

You are a hulking beast.
Your limbs bulge with bestial killing power. (Slay +1)
You have extremely sharp teeth.
Your natural rate of healing is unusually fast.
When hurt, damage is shared between your health and your magic reserves.
Your bite disrupts and absorbs the magic of your enemies.
Potions cannot restore your health.


Message History

An adder comes into view.
Found a stone staircase leading up.
An adder is nearby!
An adder is nearby!
The adder hisses angrily.
You closely miss the adder. Your bite misses the adder.
The adder barely misses you.
You hit the adder but do no damage. Your bite misses the adder.
The adder bites you.
You are poisoned.
The adder poisons you!
You take 2 damage, and have 16/18 hp.
You now have 3/4 mp.
You hit the adder but do no damage.
You feel sick. The adder closely misses you.
You take 1 damage, and have 15/18 hp.
You miss the adder.
You feel sick. The adder bites you. The adder closely misses you.
You take 1 damage, and have 14/18 hp.
You barely miss the adder.
You feel sick. The adder closely misses you.
You punch the adder! You bite the adder.
You kill the adder!
You feel sick.
MP restored: 4 No target in view!
No target in view!
You feel sick.
You are no longer poisoned.
HP restored.
There is a stone staircase leading up here.
A kobold comes into view. It is wielding a +0 dagger.
Health restored: 18 Unknown command.
A kobold is nearby!
A kobold is nearby!
The kobold shouts!
You punch the kobold!
You kill the kobold!
No target in view!
No target in view!
Things that are here:
a +0 dagger; a kobold corpse
Things that are here:
a +0 dagger; a kobold corpse You now have 171 gold pieces (gained 6).
Found an escape hatch in the ceiling.
There is an escape hatch in the ceiling here.
Natasha, Servant of Life and Death comes into view.
Natasha hisses angrily.
Natasha is nearby!
Okay, then.
Natasha claws you but does no damage.
You barely miss Natasha. You bite Natasha.
Natasha's magic leaks into the air.
You drain her magic.
Natasha is moderately wounded.
Natasha claws you!
You take 8 damage, and have 10/18 hp.
MASSIVE DAMAGE!!
You now have 3/4 mp.
You hit Natasha but do no damage.
Natasha is moderately wounded.
Natasha claws you.
You take 2 damage, and have 8/18 hp.
You now have 2/4 mp.
You hit Natasha. You punch Natasha. You bite Natasha, but do no damage.
Natasha is almost dead.
Natasha falters for a moment.
You barely miss Natasha. You bite Natasha, but do no damage.
Natasha is almost dead.
Natasha completely misses you.
You barely miss Natasha. You bite Natasha.
You kill Natasha!
Natasha screams in pain as she dies!
You have reached level 4!
You feel stronger.
You regained 5 hp, and now have 15/23 hp.
A frilled lizard comes into view.
Health restored: 23 A frilled lizard is nearby!
The frilled lizard hisses angrily.
A gnoll comes into view.
It is wielding a +0 spear. 2 gnolls come into view.
The gnoll shouts! x2
A gnoll comes into view. It is wielding a +0 whip.
The gnoll shouts!
You punch the frilled lizard!
You kill the frilled lizard!
The gnoll hits you with a +0 whip.
You take 4 damage, and have 19/23 hp.
You now have 3/5 mp.
The gnoll attacks as it pursues you! The gnoll misses you.
The gnoll attacks as it pursues you! The gnoll hits you with a +0 flail!
You take 5 damage, and have 14/23 hp.
MASSIVE DAMAGE!!
You now have 2/5 mp.
The gnoll attacks as it pursues you! The gnoll hits you with a +0 whip!
You take 5 damage, and have 11/23 hp.
MASSIVE DAMAGE!!
You now have 1/5 mp.
Unknown command.
Unknown command.
An adder comes into view.
The adder hisses angrily.
The gnoll hits you with a +0 whip!
You take 5 damage, and have 7/23 hp.
MASSIVE DAMAGE!!
You now have 0/5 mp.
The gnoll attacks as it pursues you! The gnoll hits you with a +0 whip.
You take 3 damage, and have 7/23 hp.
You now have 0/5 mp.
The gnoll attacks as it pursues you! The gnoll hits you with a +0 whip!
You die...

#.#...####..# #.. ###
#.#......#..## #.. ##.##
#.#.#.#.....>## #..
##.#.###.#.#..##.###.########..
##.###.##.....##.##
##.......... ##.##
##.#.###.##.# #.#######.. ..##
##.## ##.#.## ##.# #.. ##.##
##..# #.##.###.##### #.#
##<###.#.## ##gh.÷....>...# #.#
##.#.###.###......######.# #.#
#...# #Sg.g####### #.# #....#
#.#### #.. #......# #.# ###
....#### #g# ♣... ##g## ♣♣..
#...# ♣...........#


You could see 3 gnolls.

Vanquished Creatures
  Natasha (D:2)
  An adder (D:2)
  A dart slug (D:2)
  2 bats (D:2)
  3 endoplasms (D:1)
  A giant cockroach (D:1)
  5 goblins (D:1)
  2 hobgoblins (D:1)
  2 jackals (D:2)
  2 quokkas
  4 ball pythons (D:1)
  3 frilled lizards
  2 kobolds (D:2)
  3 rats
32 creatures vanquished.

Notes
Turn   | Place    | Note
-------+----------+-------------------------------------------
     0 | D:1      | gimp the Vine Stalker Shapeshifter began the quest for the
                  | Orb.
     0 | D:1      | Reached XP level 1. HP: 9/9 MP: 2/2
    43 | D:1      | Reached skill level 1 in Fighting
   102 | D:1      | Reached XP level 2. HP: 10/14 MP: 1/3
   723 | D:2      | Reached XP level 3. HP: 18/18 MP: 4/4
   981 | D:2      | Noticed Natasha
   989 | D:2      | Killed Natasha
   990 | D:2      | Reached XP level 4. HP: 15/23 MP: 2/5
  1021 | D:2      | Slain by a gnoll

Illustrated notes

Levels and vault maps discovered:
D:1:      ebering_trefoil_3fold, layout_loops_ring, grunt_decor_cap
D:2:      layout_loops_ring, nrook_campfire, uniq_natasha

Skill      XL: |  1  2  3 |
---------------+----------+-----
Fighting       | 1 |  1.8
Dodging        | 2 |  2.2
Unarmed Combat | |  3.5
Shapeshifting  | |  3.4

Action                     |  1- 3 |  4- 6 || total
---------------------------+-------+-------++-------
  Melee: Unarmed           |    71 |     1 ||    72
         Bite              |    18 |       ||    18
         Punch             |     1 |       ||     1
 Armour: Animal skin       |    27 |     6 ||    33
  Dodge: Dodged            |    40 |     1 ||    41

Table legend: (Time is in decaauts)
 A = Elapsed time spent in this place.
 B = Non-inter-level travel time spent in this place.
 C = Inter-level travel time spent in this place.
 D = Time resting spent in this place.
 E = Time spent auto-exploring this place.
 F = Levels seen in this place.
 G = Mean time per level.
                   A        B        C        D        E       F      G
               +--------+--------+--------+--------+--------+-----+--------+
         Total |   1017 |    983 |     34 |      0 |    771 |   2 |  508.5 |
       Dungeon |   1017 |    983 |     34 |      0 |    771 |   2 |  508.5 |
               +--------+--------+--------+--------+--------+-----+--------+

Top non-repeatable levels by time:
     D:1: 703 daAuts
     D:2: 313 daAuts
